 Dungeon Crawl Stone Soup version 0.25-a0-577-ga4619f409e (webtiles) character file.

Game seed: 2562240038394944996, levelgen mode: deterministic

5506 Flugslaktarn the Cleaver (level 10, 44/92 HPs)
             Began as a Deep Dwarf Fighter on Mar 2, 2020.
             Was a Believer of Makhleb.
             Quit the game on level 2 of the Lair of Beasts.
             The game lasted 00:04:44 (5598 turns).

Flugslaktarn the Cleaver (Deep Dwarf Fighter)       Turns: 5598, Time: 00:04:44

Health: 44/92      AC: 13    Str: 24      XL:     10   Next: 42%
Magic:  4/4        EV:  9    Int: 13      God:    Makhleb [**....]
Gold:   384        SH: 12    Dex: 11 (12) Spells: 9/9 levels left

rFire    . . .     SeeInvis .   a - +0 war axe
rCold    . . .     Gourm    .   c - +1 kite shield
rNeg     . . .     Faith    .   k - +5 ring mail "Wuovvus" {Int+3}
rPois    .         Spirit   .   (helmet restricted)
rElec    .         Reflect  .   (no cloak)
rCorr    .         Harm     .   (no gloves)
MR       +....                  p - +0 pair of boots (curse)
Stlth    +.........             (no amulet)
HPRegen  0.00/turn              (no ring)
MPRegen  0.09/turn              (no ring)

@: non-regenerating
A: damage resistance, heal wounds, horns 1, deterioration 1, sense surroundings
2, strong 1, no regeneration
a: Heal Wounds, Minor Destruction, Renounce Religion


You were on level 2 of the Lair of Beasts.
You worshipped Makhleb.
Makhleb was pleased with you.
You were not hungry.

You visited 3 branches of the dungeon, and saw 11 of its levels.

You collected 384 gold pieces.

Inventory:

Hand Weapons
 a - a +0 war axe (weapon)
Armour
 c - a +1 kite shield (worn)
 k - the +5 ring mail "Wuovvus" (worn) {Int+3}
   (You took it off a gnoll sergeant on level 5 of the Dungeon)

   It affects your intelligence (+3).
   If you remove this armour, your AC will decrease by 12 (13 -> 1).
 o - a +0 plate armour
   (You took it off an orc warrior on level 6 of the Dungeon)
 p - a cursed +0 pair of boots (worn)
   (You found it on level 8 of the Dungeon)
Jewellery
 l - the cursed ring of Buunit {rElec rC++ Str-4}
   (You took it off a gnoll sergeant on level 5 of the Dungeon)

   [ring of strength]

   It affects your strength (-4).
   It greatly protects you from cold.
   It insulates you from electricity.
   It has a curse placed upon it.
Wands
 n - a wand of enslavement (19)
   (You found it on level 5 of the Dungeon)
 u - a wand of iceblast (16)
   (You found it on level 5 of the Dungeon)
 v - a wand of digging (6)
   (You took it off an orc on level 3 of the Dungeon)
Scrolls
 r - a scroll of enchant armour
 t - 2 scrolls of teleportation
 x - a scroll of remove curse
 y - a scroll of magic mapping
 z - 2 scrolls of blinking
Potions
 b - 2 potions of magic {unknown}
 d - 2 potions of might
 f - 2 potions of stabbing {unknown}
 g - a potion of resistance {unknown}
 i - a potion of flight
 j - 2 potions of ambrosia
 m - 2 potions of berserk rage
 q - 3 potions of curing
 s - 2 potions of lignification
 w - 2 potions of heal wounds
Comestibles
 e - 13 rations
 h - 11 chunks of flesh


   Skills:
 + Level 6.6 Fighting
 * Level 10.5 Axes
 + Level 8.0 Armour
 + Level 7.9 Shields
 + Level 6.5 Invocations


You had 9 spell levels left.
You didn't know any spells.
Your spell library was empty.

Dungeon Overview and Level Annotations

Branches:
Dungeon (8/15)             Temple (1/1) D:6            Lair (2/6) D:8
  Swamp: Lair:2-4    Shoals: Lair:2-4     Snake: Lair:2-4    Spider: Lair:2-4

Altars:
Ashenzari
Cheibriados
Dithmenos
Elyvilon
Fedhas
Gozag
Kikubaaqudgha
Makhleb
Nemelex Xobeh
Okawaru
Qazlal
Ru
Sif Muna
Trog
Uskayaw
Vehumet
Wu Jian
Xom
Yredelemnul
Zin
The Shining One

Annotations:
D:3 2 transporters, utis's ghost, amateur TeAM


Innate Abilities, Weirdness & Mutations

You are resistant to damage.
You can heal yourself by infusing magical energy.
You passively map the area around you.
You do not regenerate.
You have a pair of small horns on your head.
Your body sometimes deteriorates upon taking damage.
Your muscles are strong. (Str +2)


Message History

Okay, then.
Okay, then.
Unknown command.
Okay, then.
Evoke which item? (* to show all) (? for menu, Esc to quit)
Aiming: Iceblast
Press: ? - help, Shift-Dir - straight line, f - nine-headed hydra
Aim: a nine-headed hydra The mass of ice explodes!
The iceblast engulfs the nine-headed hydra!
The nine-headed hydra is lightly wounded.
The iceblast engulfs the bullfrog!
The bullfrog is heavily wounded.
The blink frog blinks!
Something hits the fungus!
Evoke which item? (* to show all) (? for menu, Esc to quit)
Aiming: Iceblast
Press: ? - help, Shift-Dir - straight line, p - nine-headed hydra
Okay, then.
Okay, then.
Are you sure you want to abandon this character and quit the game? (Confirm with "yes".)

###*##.###.### *
#..##........## * * ,
#......#.###..## * * #....##.#
###.# * ..# * # , *#.....##
#.#### ...., , #. ,* ##...####
#..#P##...., ... ##...##.##
##......... ,..
#...F..#.###.......... , ,
#$##..##..F.F@........... ,
,,, #...#...P#.D............ ,
,
........#....##............P**
.......P##..##....(.#......# *
........##.........###.....#
,,
......#..#........÷##......#
P.....##.........÷.##......##
*
...........................P#*
............................#
,,


You could see a nine-headed hydra, 2 blink frogs and a bullfrog.

Vanquished Creatures
  The ghost of Yorgos the Chopper, a novice GnCK of Xom (D:5)
  A spiny frog (Lair:1)
  3 komodo dragons (Lair:1)
  A hippogriff (D:8)
  4 yaks
  A basilisk (Lair:2)
  3 water moccasins
  2 orc warriors
  A black bear (D:8)
  8 ogres
  A centaur (D:4)
  A crocodile (Lair:2)
  5 bullfrogs
  2 gnoll sergeants (D:5)
  4 killer bees (D:8)
  4 wights (D:8)
  A howler monkey (D:4)
  A crimson imp (D:6)
  2 jellies
  3 orc priests
  A gnoll shaman (D:5)
  3 hounds
  2 orc wizards (D:7)
  2 iguanas
  5 worker ants
  2 hound skeletons
  A worker ant zombie (D:5)
  10 gnolls
  11 adders
  2 shadow imps
  An ooze (D:3)
  An adder zombie (D:6)
  2 adder skeletons
  4 worms
  A dart slug (D:1)
  5 leopard geckos
  36 orcs
  6 bats (D:3)
  4 giant cockroaches
  6 goblins
  2 hobgoblins (D:3)
  13 jackals
  2 kobolds
  2 quokkas
  3 frilled lizards
  A giant cockroach zombie (D:5)
  A jackal skeleton (D:4)
  A quokka skeleton (D:6)
  A quokka zombie (D:6)
  9 rats
189 creatures vanquished.

Vanquished Creatures (others)
  A fungus (D:8)
  6 plants
7 creatures vanquished.

Grand Total: 196 creatures vanquished

Notes
Turn   | Place    | Note
-------+----------+-------------------------------------------
     0 | D:1      | Flugslaktarn the Deep Dwarf Fighter began the quest for the
                  | Orb.
     0 | D:1      | Reached XP level 1. HP: 20/20 MP: 1/1
   179 | D:1      | Reached XP level 2. HP: 18/27 MP: 2/2
   366 | D:2      | Reached skill level 3 in Axes
   409 | D:3      | Reached XP level 3. HP: 19/33 MP: 2/2
   430 | D:3      | Found a sacrificial altar of Ru.
   570 | D:3      | Reached XP level 4. HP: 32/42 MP: 3/3
   640 | D:3      | Found a transporter.
   645 | D:3      | Noticed utis's ghost (amateur TeAM)
   645 | D:3      | Noticed a hungry ghost
   646 | D:3      | Found a transporter.
   856 | D:3      | Reached skill level 4 in Axes
   856 | D:3      | Reached XP level 5. HP: 29/49 MP: 4/4
  1213 | D:4      | Noticed an ogre
  1224 | D:4      | Killed an ogre
  1224 | D:4      | Reached XP level 6. HP: 23/57 MP: 5/5
  1473 | D:4      | Reached skill level 5 in Axes
  1498 | D:4      | Found a glowing golden altar of the Shining One.
  1579 | D:5      | Entered Level 5 of the Dungeon
  1692 | D:5      | Found a transporter.
  1710 | D:5      | Found a shattered altar of Ashenzari.
  1772 | D:5      | Reached skill level 5 in Armour
  1772 | D:5      | Reached XP level 7. HP: 36/64 MP: 5/5
  1865 | D:5      | Identified the +4 spear of Kismet {venom, +Blink +Rage MR+
                  | Int+3 Dex+3}
  1865 | D:5      | Identified the +5 ring mail "Wuovvus" {Int+3}
  1865 | D:5      | Identified the cursed +0 buckler of Repulsion {Dex+4}
  1871 | D:5      | Found a transporter.
  1962 | D:5      | Found a shadowy altar of Dithmenos.
  1962 | D:5      | Found a bloodstained altar of Trog.
  2120 | D:5      | Identified the cursed ring of Buunit {rElec rC++ Str-4}
  2141 | D:5      | Reached skill level 5 in Shields
  2214 | D:6      | Reached skill level 6 in Axes
  2315 | D:6      | Found a radiant altar of Vehumet.
  2387 | D:6      | Reached XP level 8. HP: 35/73 MP: 6/6
  2452 | D:6      | Found a staircase to the Ecumenical Temple.
  2462 | Temple   | Entered the Ecumenical Temple
  2522 | Temple   | Became a worshipper of Makhleb the Destroyer
  2547 | D:6      | Gained mutation: You have a pair of small horns on your
                  | head. [potion of mutation]
  2547 | D:6      | Gained mutation: Your body sometimes deteriorates upon
                  | taking damage. [potion of mutation]
  2547 | D:6      | Gained mutation: Your muscles are strong. (Str +2) [potion
                  | of mutation]
  2834 | D:7      | Reached skill level 1 in Invocations
  2836 | D:7      | Reached skill level 7 in Axes
  3166 | D:5      | Noticed Yorgos's ghost (novice GnCK)
  3287 | D:5      | Killed Yorgos's ghost
  3287 | D:5      | Reached skill level 5 in Fighting
  3287 | D:5      | Reached skill level 8 in Axes
  3302 | D:5      | Reached * piety under Makhleb
  3842 | D:7      | Gained mutation: You passively map the area around you.
                  | [Deep Dwarf growth]
  3842 | D:7      | Reached XP level 9. HP: 43/81 MP: 7/7
  4420 | D:8      | Found an iron altar of Okawaru.
  4576 | D:8      | Reached skill level 9 in Axes
  4620 | D:8      | Reached skill level 5 in Invocations
  4688 | D:8      | Reached ** piety under Makhleb
  4798 | D:8      | Found a staircase to the Lair.
  4853 | Lair:1   | Entered Level 1 of the Lair of Beasts
  4934 | Lair:1   | Noticed a komodo dragon
  4944 | Lair:1   | Killed a komodo dragon
  5151 | Lair:1   | Noticed a spiny frog
  5186 | Lair:1   | Killed a spiny frog
  5186 | Lair:1   | Reached XP level 10. HP: 38/91 MP: 6/6
  5227 | Lair:1   | Reached skill level 10 in Axes
  5576 | Lair:2   | Noticed a seven-headed hydra
  5598 | Lair:2   | Quit the game

Levels and vault maps discovered:
D:1:      minmay_arrival_four_houses, layout_basic, minmay_misc_feat_roman,
          lexackson_kobold_supper
D:2:      layout_loops_ring, first_ration, uniq_jessica
D:3:      layout_loops_ring, nicolae_overflow_hidden_temple,
          gammafunk_ghost_arena, st_stairs_11, serial_park_tiny_2,
          nicolae_ru_sacrificial_ziggurat
D:4:      layout_loops_cross, lemuel_crystal_altar
D:5:      layout_basic, evilmike_ruin_ashenzari,
          gammafunk_temple_overflow_elements, gammafunk_ghost_gnarly_gnolls
D:6:      layout_rooms, vehumet_crystals, minmay_temple_entry_offerings
D:7:      layout_layer_cave
D:8:      layout_rooms, okawaru_ov_weapons_minmay,
          grunt_lair_entry_orc_guard_hut
Temple:   eino_temple_water
Lair:1:   layout_chaotic_city, infiniplex_staircase_pool, grunt_megastairs_2
Lair:2:   layout_layer_cave, palyth_hydra_swamp_entry,
          spider_nest_entry_funnel_web, ebering_ghost_rock_garden

Skill      XL: |  1  2  3  4  5  6  7  8  9 10 |
---------------+-------------------------------+-----
Axes           | 3 4 5 6 8 9 10 | 10.5
Fighting       | 3 4 5 6 |  6.6
Armour         | 4 5 6 7 8 |  8.0
Shields        | 4 5 6 7 |  7.9
Invocations    | 3 5 6 |  6.5

Action                   |  1- 3 |  4- 6 |  7- 9 | 10-12 || total
-------------------------+-------+-------+-------+-------++-------
Melee: War axe           |    95 |   156 |   433 |    61 ||   745
       Headbutt          |       |       |    56 |    11 ||    67
 Abil: Heal Wounds       |     2 |     8 |    23 |     9 ||    42
Evoke: Wand              |       |       |       |     1 ||     1
  Use: Scroll            |       |       |    15 |       ||    15
       Potion            |       |       |     2 |       ||     2
  Eat: Chunk             |       |     3 |     9 |     1 ||    13
       Ration            |       |       |     1 |       ||     1
Armor: Scale mail        |    47 |    83 |    18 |       ||   148
       Plate armour      |       |       |   107 |       ||   107
       Ring mail         |       |       |   124 |    32 ||   156
Dodge: Dodged            |    34 |    59 |   121 |    25 ||   239
Block: Kite shield       |    71 |    89 |   314 |    44 ||   518

Table legend:
 A = Non-vault XP
 B = Vault XP
 C = Vault XP percentage of total XP
 D = Non-vault monster count
 E = Vault monster count
 F = Vault count percentage of total count
                 A         B        C        D         E       F
            +---------+---------+-------+---------+---------+-------
      Total |    5986 |    1880 |  23.9 |     171 |      18 |   9.5
            +---------+---------+-------+---------+---------+-------
        D:1 |      20 |       0 |   0.0 |      10 |       0 |   0.0
        D:2 |      18 |       0 |   0.0 |       2 |       0 |   0.0
        D:3 |     167 |       5 |   2.9 |      38 |       2 |   5.0
        D:4 |     422 |       0 |   0.0 |      19 |       0 |   0.0
        D:5 |     460 |     859 |  65.1 |      14 |      10 |  41.7
        D:6 |     588 |       0 |   0.0 |      25 |       0 |   0.0
        D:7 |     408 |       0 |   0.0 |      17 |       0 |   0.0
        D:8 |    1165 |     661 |  36.2 |      32 |       5 |  13.5
     Lair:1 |    1430 |     355 |  19.9 |       6 |       1 |  14.3
     Lair:2 |    1308 |       0 |   0.0 |       8 |       0 |   0.0
            +---------+---------+-------+---------+---------+-------
